Map: Ley Lines

Players

Zoun - Winner!

  • Race: Protoss Protoss
  • League: Master
  • Spawn Location: 7:00

HeroMarine

  • Race: Terran Terran
  • Spawn Location: 1:00

Event: HomeStory Cup XXVII

VOD

Have the link to the VOD?

Description

Time

  • Played on: June 29, 2025, 8:26 a.m.
  • Length: 11:03

All games in this series

Show
View Real Time Build Order
Export as new Build Order

Zoun Protoss - Winner!

Build Orders: 1 Gate Expand, Phoenix Opening, Blink Stalkers 

Get SALT Encoding   

  12  0:00  Probe  
  13  0:12  Probe  
  14  0:16  Pylon  
  14  0:23  Probe  
  15  0:31  Probe  
  15  0:35  Gateway  
  15  0:39  Probe  
  16  0:45  Assimilator  
  17  0:51  Probe  
  18  1:03  Probe  
  19  1:15  Probe  
  20  1:23  Cybernetics Core  
  20  1:33  Nexus  
  20  1:42  Pylon  
  20  1:43  Probe  
  21  1:49  Assimilator  
  21  1:50  Adept  
  21  1:55  Probe  
  24  2:01  Warp Gate  
  24  2:08  Probe  
  25  2:18  Phoenix  
  25  2:19  Sentry  
  25  2:20  Probe  
  28  2:32  Probe  
  29  2:38  Twilight Council  
  29  2:41  Shield Battery  
  29  2:42  Stalker  
  30  2:44  Probe x2  
  33  2:52  Probe  
  33  2:53  Blink  
  33  2:56  Probe  
  35  3:02  Probe  
  35  3:05  Gateway  
  36  3:08  Probe  
  37  3:14  Phoenix, Probe  
  38  3:20  Probe  
  38  3:23  Forge  
  38  3:26  Probe  
  40  3:29  Pylon  
  40  3:32  Probe  
  41  3:37  Robotics Facility  
  41  3:41  Probe  
  42  3:45  Pylon  
  42  3:46  Probe  
  43  3:49  Stalker  
  45  3:57  Photon Cannon  
  45  3:59  Probe x2  
  47  4:03  Protoss Ground Weapons Level 1  
  47  4:08  Photon Cannon  
  47  4:11  Probe  
  47  4:15  Stalker  
  47  4:16  Probe  
  51  4:20  Stalker  
  51  4:23  Assimilator  
  53  4:25  Probe  
  53  4:27  Observer  
  55  4:32  Probe  
  55  4:35  Pylon  
  55  4:37  Probe  
  57  4:39  Stalker  
  57  4:44  Probe  
  60  4:48  Stalker  
  62  4:58  Probe  
  60  5:01  Nexus  
  60  5:04  Pylon  
  60  5:06  Observer  
  61  5:10  Observer, Probe x2  
  63  5:14  Stalker  
  63  5:18  Stalker  
  67  5:22  Observer, Probe  
  64  5:33  Immortal  
  68  5:35  Probe  
  68  5:36  Probe  
  68  5:37  Pylon  
  70  5:43  Stalker x2  
  74  5:54  Charge  
  74  5:56  Shield Battery  
  72  5:57  Probe  
  72  5:58  Probe, Protoss Ground Weapons Level 2  
  72  6:01  Observer  
  72  6:09  Gateway, Probe  
  72  6:10  Probe  
  72  6:11  Gateway  
  74  6:22  Probe x2  
  74  6:23  Gateway  
  76  6:26  Gateway  
  76  6:29  Observer  
  76  6:32  Gateway  
  76  6:37  Observer, Gateway, Probe x3  
  76  6:39  Pylon  
  79  6:44  Robotics Bay  
  77  6:49  Stalker x2  
  77  6:50  Probe x2  
  83  6:55  Probe  
  83  7:02  Probe  
  83  7:07  Pylon  
  86  7:09  Pylon  
  86  7:13  Phoenix  
  86  7:14  Probe  
  85  7:15  Observer  
  85  7:19  Zealot x5  
  85  7:22  Colossus  
  95  7:26  Nexus  
  95  7:29  Pylon  
  95  7:32  Extended Thermal Lance  
  101  7:38  Probe x2  
  101  7:41  Observer  
  99  7:56  Stalker x3  
  99  7:57  Probe x2  
  99  7:58  Zealot x5  
  117  8:01  Probe  
  118  8:09  Probe  
  119  8:13  Shield Battery  
  119  8:14  Photon Cannon  
  119  8:17  Colossus  
  115  8:28  Zealot x7  
  115  8:31  Zealot  
  124  8:37  Probe  
  124  8:38  Probe x2  
  120  8:52  Zealot x5  
  129  8:59  Warp Prism  
  128  9:03  Sentry, Stalker x2  
  128  9:08  Pylon  
  128  9:09  Pylon  
  134  9:15  Photon Cannon  
  136  9:20  Zealot x3  
  136  9:21  Zealot  
  144  9:25  Pylon  
  144  9:26  Pylon  
  144  9:29  Zealot x3  
  150  9:32  Observer  
  150  9:34  Zealot  
  151  9:42  Gateway  
  151  9:43  Gateway  
  151  9:44  Observer, Zealot x4  
  159  9:50  Zealot x3  
  166  9:55  Zealot  
  168  10:05  Zealot x4  
  170  10:13  Zealot x3  
  176  10:24  Zealot  
  156  10:31  Stalker x4  
  156  10:34  Zealot x3  
  157  10:44  Zealot x2  
  143  10:52  Zealot  
  143  10:54  Zealot x7  
Show
View Real Time Build Order
Export as new Build Order

HeroMarine Terran 

Build Orders: Cyclone Opening 

Get SALT Encoding   

  12  0:00  SCV  
  13  0:12  SCV  
  14  0:16  Supply Depot  
  14  0:24  SCV  
  15  0:38  SCV  
  15  0:39  Barracks  
  16  0:43  Refinery  
  16  0:50  SCV  
  17  1:02  SCV  
  18  1:14  SCV  
  19  1:26  Orbital Command, Marine  
  20  1:39  Command Center  
  20  1:49  Factory  
  20  1:53  SCV  
  21  1:59  Refinery  
  21  2:05  Barracks Tech Lab, SCV  
  22  2:09  Supply Depot  
  22  2:17  SCV  
  23  2:31  SCV  
  24  2:37  Armory  
  24  2:38  Cyclone  
  24  2:43  SCV  
  28  2:46  Barracks Reactor  
  28  2:52  Orbital Command  
  28  2:55  SCV  
  29  3:04  Starport  
  29  3:07  SCV  
  29  3:11  Widow Mine  
  29  3:12  Orbital Command  
  32  3:19  SCV  
  33  3:23  Marine x2  
  33  3:25  Drilling Claws  
  35  3:31  SCV  
  35  3:32  Widow Mine  
  35  3:33  Supply Depot  
  38  3:38  SCV  
  38  3:41  Marine x2  
  40  3:45  Medivac  
  40  3:46  SCV  
  44  3:51  SCV  
  45  3:57  Widow Mine  
  45  3:58  Marine  
  45  3:59  Marine, SCV  
  45  4:01  Supply Depot  
  50  4:03  SCV  
  50  4:04  Refinery  
  51  4:11  SCV  
  51  4:15  SCV  
  51  4:16  Marine  
  54  4:23  Marine, SCV, Siege Tank  
  59  4:24  Supply Depot  
  59  4:25  Starport Tech Lab, Supply Depot  
  59  4:27  SCV  
  60  4:34  Barracks  
  60  4:35  Marine, SCV  
  62  4:45  Marine  
  62  4:46  Raven, SCV  
  62  4:47  Supply Depot, SCV  
  67  4:53  Marine  
  67  4:58  SCV  
  67  4:59  Siege Tank, SCV  
  65  5:03  Marine  
  65  5:04  Barracks  
  66  5:10  SCV  
  66  5:11  Marine, Engineering Bay, SCV  
  69  5:22  SCV  
  69  5:23  SCV  
  69  5:26  Marine  
  72  5:29  Marine  
  72  5:31  Supply Depot  
  72  5:33  Starport Reactor  
  72  5:34  Stimpack, SCV, Siege Tank  
  72  5:35  Marauder  
  79  5:36  SCV  
  80  5:46  SCV, Terran Infantry Weapons Level 1  
  80  5:47  Refinery, Marine x2  
  80  5:48  Supply Depot, SCV  
  78  5:58  Marauder, SCV  
  78  6:00  SCV  
  78  6:11  Command Center  
  78  6:12  Factory Reactor  
  78  6:16  Supply Depot  
  78  6:17  Supply Depot  
  78  6:19  Marauder  
  78  6:20  Marauder  
  78  6:25  Marine x2  
  84  6:28  Barracks  
  84  6:31  Barracks  
  84  6:35  Combat Shield  
  86  6:40  Marauder  
  86  6:41  Marauder  
  86  6:43  Marine x2, Medivac  
  86  6:44  Medivac  
  86  6:46  SCV  
  86  6:47  SCV  
  96  6:58  SCV  
  96  6:59  SCV  
  96  7:00  Marine, Widow Mine  
  96  7:01  Marauder, Marine  
  102  7:02  Marauder, Widow Mine  
  107  7:11  SCV x2  
  107  7:13  Medivac x2  
  107  7:14  Concussive Shells  
  111  7:22  Barracks Tech Lab, Barracks Reactor  
  111  7:23  Marauder, Marine x2, SCV x2  
  111  7:24  Widow Mine x2  
  121  7:33  Marauder  
  121  7:35  SCV x2  
  124  7:39  Supply Depot  
  124  7:40  Supply Depot, Terran Infantry Armor Level 1, Marine  
  124  7:41  Marine  
  124  7:44  Marauder  
  124  7:47  SCV x2  
  124  7:48  Marauder  
  124  7:54  Marauder  
  124  7:55  Widow Mine  
  124  7:56  Medivac, Widow Mine  
  128  7:58  Marine x2  
  128  8:00  SCV x2  
  128  8:03  Orbital Command  
  128  8:05  Marine  
  132  8:10  Marauder  
  132  8:12  Marine x2, SCV  
  138  8:13  SCV  
  138  8:16  Marauder, Marine  
  138  8:17  Marine  
  141  8:23  Marauder  
  141  8:26  Engineering Bay  
  131  8:27  Supply Depot  
  131  8:29  Marine  
  131  8:30  Marine, SCV x2  
  131  8:31  Marauder  
  131  8:34  SCV  
  135  8:35  Viking  
  135  8:37  Marauder  
  133  8:45  Marauder  
  130  8:49  Refinery  
  130  8:50  Viking, Refinery  
  130  8:53  Marauder  
  132  8:59  Marauder  
  132  9:05  Viking  
  132  9:06  Marauder  
  136  9:16  Marine x4  
  140  9:18  Command Center  
  140  9:19  Viking  
  140  9:23  Marine x2  
  144  9:24  Starport  
  144  9:27  Marine  
  144  9:29  Factory Reactor  
  145  9:33  Marine  
  145  9:34  Marine x2  
  145  9:35  Viking, Supply Depot x2  
  145  9:36  Marine  
  145  9:37  Missile Turret  
  151  9:43  Marauder x2  
  151  9:45  Marauder, Missile Turret  
  157  9:53  Barracks  
  157  9:55  Barracks  
  157  9:56  Viking, Barracks, Marine x2  
  157  9:58  Supply Depot x2  
  161  10:04  Viking x2  
  161  10:05  Orbital Command  
  161  10:07  Marauder  
  161  10:08  Marauder  
  161  10:09  Marine x2  
  161  10:10  Marine  
  161  10:14  Marine  
  165  10:16  Widow Mine  
  165  10:18  Hellion  
  165  10:21  Command Center  
  169  10:25  SCV  
  169  10:26  SCV  
  151  10:31  Marauder x2  
  152  10:38  SCV x2  
Tags
 
Add a new tag
Caveats
  • Supply blocks, unpowered buildings, or Contaminate may cause inaccurate times.
  • Supply counts are checked every 10 seconds.